 Dungeon Crawl Stone Soup version 0.30-a0-358-g0d69a1922f (webtiles) character file.

Game seed: 7259150446172439341

164 hikkokomori the Digger (level 5, -4/42 HPs)
             Began as a Gargoyle Earth Elementalist on Nov 11, 2022.
             Slain by Sigmund
             ... wielding a +0 scythe
              (6 damage)
             ... on level 5 of the Dungeon.
             The game lasted 00:03:52 (2361 turns).

hikkokomori the Digger (GrEE)                       Turns: 2361, Time: 00:03:53

Health: -4/42      AC:  6    Str: 11    XL:     5   Next: 45%
Magic:  9/9        EV: 11    Int: 18    God:
Gold:   121        SH:  0    Dex: 10    Spells: 9/10 levels left

rFire   . . .      SeeInvis .    n - +6 rapier (protect)
rCold   . . .      Faith    .    (no shield)
rNeg    + . .      Spirit   .    a - +0 robe
rPois   ∞          Reflect  .    (no helmet)
rElec   +          Harm     .    (no cloak)
rCorr   .          Rampage  .    (no gloves)
Will    .....                    (no boots)
Stlth   ..........               (no amulet)
HPRegen 0.27/turn                (no ring)
MPRegen 0.11/turn                (no ring)

@: berserking, weak-willed, very quick
A: sickness immunity, AC +4, negative energy resistance 1, electricity
resistance, torment resistance 1, petrification resistance
a: no special abilities


You were on level 5 of the Dungeon.
You visited 1 branch of the dungeon, and saw 4 of its levels.

You collected 121 gold pieces.

Inventory:

Hand Weapons
 c - a +0 short sword
 m - a +0 glaive
 n - a +6 rapier of protection (weapon)
Armour
 a - a +0 robe (worn)
Potions
 b - a potion of magic
 d - a potion of brilliance {unknown}
 f - a potion of resistance {unknown}
 g - a potion of cancellation {unknown}
 i - 2 potions of curing {unknown}
 j - a potion of berserk rage
 o - a potion of mutation {unknown}


   Skills:
 + Level 0.3 Short Blades
 - Level 1.5 Dodging
 + Level 3.6 Stealth
 + Level 3.0 Spellcasting
 - Level 0.7 Transmutations
 * Level 5.7 Earth Magic


You had 9 spell levels left.
You knew the following spells:

 Your Spells              Type           Power      Damage    Failure   Level
a - Sandblast             Erth           46%        2d11      1%          1

Your spell library contained the following spells:

 Spells                   Type           Power      Damage    Failure   Level
 Passwall                 Tmut/Erth      11%        N/A       7%          2
 Stone Arrow              Conj/Erth      24%        3d8       16%         3
 Petrify                  Tmut/Erth      14%        N/A       41%         4


Dungeon Overview and Level Annotations

Branches:
Dungeon (3/15)             Temple (0/1) D:5

Altars:

Annotations:
D:5 Menkaure, Sigmund


Innate Abilities, Weirdness & Mutations

You are immune to sickness and miasma.
Your stone body is resilient. (AC +4)
You are immune to poison.
You resist negative energy. (rN+)
You are resistant to electric shocks. (rElec)
You are resistant to unholy torment.
You are immune to petrification.


Message History

The blast of sand hits something!
You hear a zap.
A puff of flame appears from out of thin air!
The puff of flame hits you!
Casting: Sandblast (safe; 1% risk of failure)
Confirm with . or Enter, or press ? or * to list all spells.
You can't see any susceptible monsters within range! (Use Z to cast anyway.)
Casting: Sandblast (safe; 1% risk of failure)
Confirm with . or Enter, or press ? or * to list all spells.
Aiming: Sandblast (safe; 1% risk of failure)
Press: ? - help, Shift-Dir - straight line
Aim: Disturbance (blue smoke)
The blast of sand hits something!
You hear some strange, mumbled words.
A puff of flame appears from out of thin air!
The puff of flame hits you but does no damage.
Something hits you but does no damage.
Something tries to affect you, but you resist.
A black bear comes into view.
The black bear growls angrily.
Menkaure, Prince of Dust comes into view.
You hear a zap.
A puff of flame appears from out of thin air!
The puff of flame hits you!
You hear a zap.
A puff of flame appears from out of thin air!
The puff of flame hits you!
* * * LOW HITPOINT WARNING * * *
It was a potion of berserk rage.
A red film seems to cover your vision as you go berserk!
You feel yourself moving faster!
You feel mighty!
You hear some strange, mumbled words.
A puff of flame appears from out of thin air!
The puff of flame hits you.
* * * LOW HITPOINT WARNING * * *
Menkaure gestures wildly while chanting.
Menkaure seems to speed up.
You feel a strong urge to attack something.
Something hits you.
You die...

*,,,,..,,* #.....# *,,,,,,*,,,,.
*,,,,...,* #.....# ********,,,,.
*,,,,....* #.....# *****#
,,,,,....####.....# #
,,,,,.............###############
,,~~~≈≈...M......................
~~~~~≈≈≈≈.............#*######.##
~~~~~≈≈≈≈≈≈..###......# #....##
~~~,,.≈≈≈≈≈≈..##@{....#####.#####
,,,,>.≈≈≈≈≈≈.+##......#.....# #
~~~,,.≈≈≈≈≈≈...#........##### #
~~~~~≈≈≈≈≈≈≈...##.....###### #
~~~~~≈≈≈≈≈≈h...####.>......#****#
~~~~~≈≈≈≈...§.§§†§§.........,,,,*
,,~~~≈≈........#####.###....,,,<+
,,,,,,,,......#* #.# *....,,,,*
*******,.#....* #.# *,...,,,,+


There were no monsters in sight!

Vanquished Creatures
  A howler monkey (D:5)
  Jessica (D:2)
  Natasha (D:2)
  3 adders (D:2)
  A worm (D:3)
  A dart slug (D:3)
  3 orcs (D:3)
  5 ball pythons
  4 endoplasms
  A giant cockroach (D:1)
  5 goblins
  4 hobgoblins
  A quokka (D:3)
  5 bats
  3 frilled lizards
  A kobold (D:1)
  3 rats
43 creatures vanquished.

Notes
Turn   | Place    | Note
-------+----------+-------------------------------------------
     0 | D:1      | hikkokomori the Gargoyle Earth Elementalist began the quest
                  | for the Orb.
     0 | D:1      | Reached XP level 1. HP: 10/10 MP: 3/3
   236 | D:1      | Reached skill level 4 in Earth Magic
   236 | D:1      | Reached XP level 2. HP: 15/15 MP: 3/5
  1157 | D:2      | Reached XP level 3. HP: 19/19 MP: 4/6
  1271 | D:2      | Found a faded altar of an unknown god.
  1453 | D:2      | Noticed Natasha
  1462 | D:2      | Killed Natasha
  1463 | D:2      | Reached skill level 5 in Earth Magic
  1463 | D:2      | Reached XP level 4. HP: 11/24 MP: 1/8
  1555 | D:2      | Noticed Jessica
  1557 | D:2      | Killed Jessica
  2151 | D:3      | Reached XP level 5. HP: 25/28 MP: 5/9
  2287 | D:3      | You fall into a shaft and drop 2 floors!
  2287 | D:5      | Entered Level 5 of the Dungeon
  2316 | D:5      | Noticed Sigmund
  2356 | D:5      | Noticed a black bear
  2356 | D:5      | Noticed Menkaure
  2360 | D:5      | HP: 2/42 [something/puff of flame (5)]
  2361 | D:5      | Slain by Sigmund

Illustrated notes

Levels and vault maps discovered:
D:1:      kilobyte_arrival_exit_the_forest, layout_basic,
          hangedman_abyss_or_decor_lesser_grid, minmay_misc_feat_chi,
          minmay_box_of_dots
D:2:      layout_loops_cross, nicolae_ecumenical_oubliette, uniq_natasha,
          uniq_jessica
D:3:      layout_basic, nicolae_wu_jian_wuxing_cycle
D:5:      layout_basic, temple_pool_b, serial_shops, shop,
          lightli_ossuary_entry_decrepit_ruins, uniq_menkaure, uniq_sigmund

Skill      XL: |  1  2  3  4  5 |
---------------+----------------+-----
Earth Magic    | 4 5 |  5.7
Stealth        | 3 |  3.6
Spellcasting   | 3 |  3.0
Short Blades   | |  0.3
Dodging        | |  1.5
Transmutations | |  0.7

Action                   |  1- 3 |  4- 6 || total
-------------------------+-------+-------++-------
Melee: Glaive            |       |    12 ||    12
       Rapier            |       |     7 ||     7
 Cast: Sandblast         |    41 |    18 ||    59
  Use: Scroll            |       |     9 ||     9
       Potion            |       |     1 ||     1
 Stab: Sleeping          |       |     1 ||     1
Armor: Robe              |     5 |    19 ||    24
Dodge: Dodged            |     6 |    29 ||    35

Table legend: (Time is in decaauts)
 A = Elapsed time spent in this place.
 B = Non-inter-level travel time spent in this place.
 C = Inter-level travel time spent in this place.
 D = Time resting spent in this place.
 E = Time spent auto-exploring this place.
 F = Levels seen in this place.
 G = Mean time per level.
                   A        B        C        D        E       F      G
               +--------+--------+--------+--------+--------+-----+--------+
         Total |   2406 |   2349 |     57 |     59 |   1980 |   4 |  601.5 |
       Dungeon |   2406 |   2349 |     57 |     59 |   1980 |   4 |  601.5 |
               +--------+--------+--------+--------+--------+-----+--------+

Top non-repeatable levels by time:
     D:1: 1170 daAuts
     D:2: 890 daAuts
     D:3: 268 daAuts
     D:5: 76 daAuts
